 Dungeon Crawl Stone Soup version 0.30-a0-743-gbfdf073431 (webtiles) character file.

Game seed: 12301135765052668231

247 BubbleThief the Conjurer (level 6, -4/32 HPs)
             Began as a Tengu Air Elementalist on Feb 6, 2023.
             Killed from afar by Grinder (16 damage)
             ... with a bolt of dispelling energy
             ... on level 3 of the Dungeon.
             The game lasted 00:03:37 (2967 turns).

BubbleThief the Conjurer (Tengu Air Elementalist)   Turns: 2967, Time: 00:03:37

Health: -4/32      AC:  2    Str:  8    XL:     6   Next: 11%
Magic:  5/10       EV: 14    Int: 17    God:
Gold:   140        SH:  0    Dex: 15    Spells: 6/9 levels left

rFire   . . .      SeeInvis .    q - +0 quarterstaff
rCold   . . .      Faith    .    (shield currently unavailable)
rNeg    . . .      Spirit   .    a - +0 robe
rPois   .          Reflect  .    (helmet restricted)
rElec   .          Harm     .    (no cloak)
rCorr   .          Rampage  .    (no gloves)
Will    .....                    (boots unavailable)
Stlth   ++                       (no amulet)
HPRegen 0.25/turn                (no ring)
MPRegen 0.12/turn                (no ring)

@: flying quickly and evasively, quick
A: beak, talons 3, nimble flight
a: no special abilities


You were on level 3 of the Dungeon.
You visited 1 branch of the dungeon, and saw 3 of its levels.

You collected 140 gold pieces.

Inventory:

Hand Weapons
 q - a +0 quarterstaff (weapon)
Armour
 a - a +0 robe (worn)
Scrolls
 c - a scroll of noise {unknown}
 e - 3 scrolls of poison {unknown}
 f - a scroll of blinking {unknown}
 g - 4 scrolls of identify {unknown}
 h - a scroll of fear {unknown}
 i - a scroll of enchant weapon {unknown}
 k - 3 scrolls of vulnerability {unknown}
 p - a scroll of silence {unknown}
 r - a scroll of amnesia {unknown}
Potions
 b - a potion of magic
 d - 4 potions of flight {unknown}
 j - a potion of haste {unknown}
 l - a potion of heal wounds {unknown}
 m - a potion of attraction {unknown}
 n - a potion of invisibility {unknown}
 o - a potion of degeneration {unknown}


   Skills:
 - Level 2.1 Dodging
 - Level 2.0 Stealth
 - Level 2.0 Spellcasting
 * Level 6.4 Conjurations
 + Level 5.9 Air Magic


You had 6 spell levels left.
You knew the following spells:

 Your Spells              Type           Power      Damage    Failure   Level
a - Shock                 Conj/Air       88%        1d8       1%          1
b - Static Discharge      Conj/Air       44%        2-4/arc   2%          2

Your spell library contained the following spells:

 Spells                   Type           Power      Damage    Failure   Level
 Swiftness                Air            21%        N/A       4%          3
 Poisonous Vapours        Pois/Air       22%        N/A       9%          2
 Airstrike                Air            10%        2d(2-18)  17%         4
 Sting                    Tmut/Pois      4%         1d3       19%         1
 Olgreb's Toxic Radiance  Pois           1%         N/A       88%         4


Dungeon Overview and Level Annotations

Branches:
Dungeon (3/15)

Altars:
Cheibriados
Fedhas
Gozag
Hepliaklqana
Kikubaaqudgha
Makhleb
Okawaru
Trog
Uskayaw

Annotations:
D:3 Grinder


Innate Abilities, Weirdness & Mutations

You have a beak for a mouth.
You have claws for feet.
Your magical nature lets you fly swiftly and evasively.


Message History

Grinder is lightly wounded.
Grinder shouts!
Aiming: Shock (safe; 1% risk of failure)
Press: ? - help, Q - select action, (/) - cycle Shift-Dir - straight line, f/p - Grinder
Aim: Grinder, carrying a wand of quicksilver (11) (lightly wounded, 71% to hit)
Okay, then.
Aiming: Shock (safe; 1% risk of failure)
Press: ? - help, Q - select action, (/) - cycle Shift-Dir - straight line, f/p - Grinder
Aim: Grinder, carrying a wand of quicksilver (11) (lightly wounded, 71% to hit)
That beam is likely to hit you.
Continue anyway?
Okay, then.
Unknown command.
Found a shimmering spear.
Grinder gestures at you.
You suddenly lose the ability to move!
Your magical contamination has completely faded away.
You can move again.
Unknown command.
Unknown command.
Aiming: Shock (safe; 1% risk of failure)
Press: ? - help, Q - select action, (/) - cycle Shift-Dir - straight line, f/p - Grinder
Aim: Grinder, carrying a wand of quicksilver (11) (lightly wounded, 71% to hit)
The zap hits Grinder.
Grinder is moderately wounded.
The zap hits Grinder.
Grinder is moderately wounded.
Grinder zaps a wand.
The bolt of dispelling energy hits you!!
Ouch! That really hurt!
Unknown command.
Aiming: Shock (safe; 1% risk of failure)
Press: ? - help, Q - select action, (/) - cycle Shift-Dir - straight line, f/p - Grinder
Aim: Grinder, carrying a wand of quicksilver (10) (moderately wounded, 71% to hit)
The zap hits Grinder.
Grinder is moderately wounded.
The zap hits Grinder.
Grinder is heavily wounded.
Grinder zaps a wand.
The bolt of dispelling energy hits you!
Ouch! That really hurt!
You die...

## #. # #. .# #..
#. ###.### #..# ##.
#...).####...###†.
##@# .##...#......
#.5# ).........#..
#.)###.##....)..#..
#......##.......).#
#.##.####.......#.#
#. #.# #.<....[...
#. #.# #.......###
#. #.#####.#.####
#. #[........#


You could see Grinder.

Vanquished Creatures
  Sigmund (D:3)
  Jessica (D:3)
  2 adders (D:2)
  2 worms (D:2)
  A dart slug (D:2)
  2 ball pythons
  6 endoplasms
  2 giant cockroaches (D:2)
  8 goblins
  6 hobgoblins
  2 quokkas
  2 bats (D:1)
  2 frilled lizards
  5 kobolds
42 creatures vanquished.

Notes
Turn   | Place    | Note
-------+----------+-------------------------------------------
     0 | D:1      | BubbleThief the Tengu Air Elementalist began the quest for
                  | the Orb.
     0 | D:1      | Reached XP level 1. HP: 10/10 MP: 4/4
   201 | D:1      | Reached skill level 2 in Conjurations
   463 | D:1      | Reached XP level 2. HP: 15/15 MP: 1/6
   876 | D:1      | Reached skill level 3 in Conjurations
  1313 | D:2      | Reached XP level 3. HP: 19/19 MP: 0/7
  1435 | D:2      | Learned a level 2 spell: Static Discharge
  2297 | D:2      | Reached skill level 4 in Conjurations
  2427 | D:2      | Reached XP level 4. HP: 24/24 MP: 4/8
  2761 | D:3      | Noticed Sigmund
  2762 | D:3      | Found an opulent altar of Gozag.
  2762 | D:3      | Found a burning altar of Makhleb.
  2762 | D:3      | Found an ancient bone altar of Kikubaaqudgha.
  2762 | D:3      | Found a hide-covered altar of Uskayaw.
  2774 | D:3      | Killed Sigmund
  2775 | D:3      | Reached skill level 6 in Conjurations
  2775 | D:3      | Reached skill level 5 in Air Magic
  2775 | D:3      | Gained mutation: Your magical nature lets you fly swiftly
                  | and evasively. [Tengu growth]
  2775 | D:3      | Reached XP level 5. HP: 17/28 MP: 0/9
  2855 | D:3      | Found a bloodstained altar of Trog.
  2855 | D:3      | Found a blossoming altar of Fedhas.
  2857 | D:3      | Found an iron altar of Okawaru.
  2857 | D:3      | Found a snail-covered altar of Cheibriados.
  2857 | D:3      | Found a hazy altar of Hepliaklqana.
  2955 | D:3      | Noticed Jessica
  2957 | D:3      | Killed Jessica
  2958 | D:3      | Reached XP level 6. HP: 32/32 MP: 7/10
  2960 | D:3      | Noticed Grinder
  2963 | D:3      | Paralysed by Grinder for 2 turns
  2967 | D:3      | Killed from afar by Grinder

Illustrated notes

Levels and vault maps discovered:
D:1:      dpeg_arrival_water_fire, layout_basic, nicolae_hexahallways,
          kennysheep_small_spiral, minmay_box_of_dots
D:2:      layout_basic
D:3:      layout_loops_ring, nicolae_overflows_in_rows, uniq_terence,
          uniq_jessica, uniq_sigmund, uniq_grinder

Skill      XL: |  1  2  3  4 |
---------------+-------------+-----
Conjurations   | 2 3 4 6 |  6.4
Air Magic      | 5 |  5.9
Dodging        | |  2.1
Stealth        | |  2.0
Spellcasting   | |  2.0

Action                     |  1- 3 |  4- 6 || total
---------------------------+-------+-------++-------
   Cast: Shock             |    65 |    28 ||    93
  Dodge: Dodged            |     2 |       ||     2

Table legend: (Time is in decaauts)
 A = Elapsed time spent in this place.
 B = Non-inter-level travel time spent in this place.
 C = Inter-level travel time spent in this place.
 D = Time resting spent in this place.
 E = Time spent auto-exploring this place.
 F = Levels seen in this place.
 G = Mean time per level.
                   A        B        C        D        E       F      G
               +--------+--------+--------+--------+--------+-----+--------+
         Total |   2959 |   2925 |     34 |      0 |   2690 |   3 |  986.3 |
       Dungeon |   2959 |   2925 |     34 |      0 |   2690 |   3 |  986.3 |
               +--------+--------+--------+--------+--------+-----+--------+

Top non-repeatable levels by time:
     D:2: 1391 daAuts
     D:1: 1280 daAuts
     D:3: 288 daAuts
